[Event "Titled Tuesday Blitz March 29 Late 2022"]
[White "Ibarra Jerez, Jose Carlos"]
[Black "Caruana, Fabiano"]
[WhiteFideId "2226332"]
[BlackFideId "2020009"]
[WhiteElo "2626"]
[BlackElo "2744"]
[Result "0-1"]
[Round "05"]
[TimeControl "180+1"]
[Date "2022.03.29"]
[WhiteClock "0:00:09"]
[BlackClock "0:00:18"]

1. e4 e5 2. Nf3 Nc6 3. Bb5 a6 4. Bxc6 dxc6 5. O-O Qf6 6. d4 exd4 7. Bg5 Qd6 8. Nxd4 Be7 9. Be3 Nf6 10. f3 O-O 11. Nd2 Qd8 12. Nc4 c5 13. Nb3 b6 14. Qe2 Be6 15. Rfd1 Qe8 16. a4 Nd7 17. Bf4 Rc8 18. Ne3 Bf6 19. Qxa6 Bxb2 20. Rab1 Be5 21. Bxe5 Nxe5 22. a5 Qc6 23. Nd5 Bxd5 24. Rxd5 Ra8 25. Qe2 Rfe8 26. Rbd1 Ng6 27. Qd2 h6 28. axb6 cxb6 29. Rd6 Qc7 30. Rd7 Qe5 31. Qd5 Qxd5 32. R7xd5 Ra2 33. R5d2 Ne5 34. Kf2 Nc4 35. Re2 h5 36. Nc1 Ra1 37. Ree1 Na3 38. Rd2 h4 39. Red1 Nc4 40. Rd8 Rxd8 41. Rxd8+ Kh7 42. Nd3 Ra2 43. Ne1 Na3 44. Rd2 b5 45. Ke3 Nc4+ 46. Kd3 Nxd2 47. Kxd2 b4 48. Nd3 b3 49. Kc3 Rxc2+ 50. Kxb3 Rxg2 51. Nxc5 Rxh2 52. Nd3 Rh3 53. Ne5 f6 0-1


[Site "https://www.chess.com"]

[Event "Titled Tuesday Blitz March 29 Late 2022"]
[White "Iskusnyh, Sergei"]
[Black "Toncheva, Nadya"]
[WhiteFideId "4120027"]
[BlackFideId "2924056"]
[WhiteElo "2492"]
[BlackElo "1884"]
[Result "1/2-1/2"]
[Round "05"]
[TimeControl "180+1"]
[Date "2022.03.30"]
[WhiteClock "0:00:16"]
[BlackClock "0:00:20"]

1. d4 Nf6 2. c4 e6 3. g3 c5 4. Nf3 cxd4 5. Nxd4 a6 6. Bg2 Qc7 7. b3 Nc6 8. O-O b6 9. Bf4 e5 10. Nxc6 dxc6 11. Bxe5 Qxe5 12. Bxc6+ Bd7 13. Bxa8 Qxa1 14. Qd2 Qe5 15. Nc3 Bb4 16. Rc1 O-O 17. Bf3 Bg4 18. Qd3 Bf5 19. e4 Bxc3 20. exf5 Bd4 21. Rd1 Bc5 22. Kg2 h5 23. h3 Re8 24. Rd2 Qe1 25. Qc2 Qa1 26. Rd1 Qe5 27. Rd2 h4 28. g4 Bd6 29. Kf1 Qh2 30. Bg2 Bb4 31. Re2 Rxe2 32. Qxe2 Qd6 33. g5 Nd7 34. Qe8+ Nf8 35. Bd5 Qe7 36. Qxe7 Bxe7 37. g6 Nd7 38. Bxf7+ Kf8 39. Ke2 Bd6 40. Ke3 Ke7 41. Ke4 Nf6+ 42. Kd4 Bc5+ 43. Kd3 Bxf2 44. b4 Kd6 45. Be6 a5 46. c5+ Kc6 47. cxb6 Kxb6 48. bxa5+ Kxa5 49. Kc4 Kb6 50. Bf7 Bc5 51. a4 Ne4 52. a5+ Kxa5 53. Bd5 Be7 54. Bxe4 Bf6 55. Kd5 Kb6 56. Ke6 Kc7 57. Bf3 Kd8 58. Kf7 Kd7 59. Bg4 Kd6 60. Kf8 Ke5 61. Kf7 Kf4 62. Ke6 Kg3 63. Kd5 Kf4 64. Kc4 Kg5 65. Kd3 Kh6 66. Ke2 Kg5 67. Kf3 Kh6 68. Kf4 Bg5+ 69. Kf3 Bf6 70. Ke3 Bg5+ 71. Ke4 Bf6 72. Bf3 Bg5 73. Be2 Bf6 74. Kf4 Bg5+ 75. Kg4 Bf6 76. Bc4 Bg5 77. Bd5 Bf6 78. Be6 Bg5 79. Bf7 Bf6 80. Be6 Bg5 81. Bf7 Bf6 82. Be6 1/2-1/2


[Site "https://www.chess.com"]

[Event "Titled Tuesday Blitz March 29 Late 2022"]
[White "Janaszak, Dawid"]
[Black "Tarigan, Gilbert Elroy"]
[WhiteFideId "1119206"]
[BlackFideId "7108133"]
[WhiteElo "2199"]
[BlackElo "1908"]
[Result "1-0"]
[Round "05"]
[TimeControl "180+1"]
[Date "2022.03.29"]
[WhiteClock "0:00:07"]
[BlackClock "0:00:03"]

1. e4 c5 2. Ne2 e6 3. Nbc3 Nc6 4. g3 h5 5. h3 b6 6. Bg2 Bb7 7. d4 cxd4 8. Nxd4 Nxd4 9. Qxd4 Ne7 10. Nb5 Nc6 11. Nd6+ Bxd6 12. Qxd6 Qe7 13. Bf4 e5 14. Qxe7+ Kxe7 15. Bg5+ f6 16. Be3 Nb4 17. Kd1 h4 18. a3 Na6 19. g4 Rac8 20. b4 Rhd8 21. Rc1 Rc4 22. f3 d5 23. exd5 Bxd5 24. Ke2 Nc7 25. Rhd1 Nb5 26. Rd3 Rc3 27. Rxc3 Nxc3+ 28. Kf2 Bc6 29. Bf1 g5 30. Bd3 Bb5 31. Bxb5 Nxb5 32. c4 Nxa3 33. c5 Nb5 34. cxb6 axb6 35. Rc6 Rd6 36. Rxb6 Rxb6 37. Bxb6 Ke6 38. Bd8 Nd6 39. Bb6 Kd5 40. Bd8 Ke6 41. Bb6 Nb7 42. Ke3 Kd5 43. b5 Nd6 44. Bd8 Ne8 45. b6 Kc6 46. Ke4 Nd6+ 47. Ke3 Ne8 48. Ke4 Kd7 49. Bc7 Ke6 50. b7 1-0


[Site "https://www.chess.com"]

[Event "Titled Tuesday Blitz March 29 Late 2022"]
[White "Jaracz, Pawel"]
[Black "Indjic, Aleksandar"]
[WhiteFideId "1102222"]
[BlackFideId "911925"]
[WhiteElo "2429"]
[BlackElo "2616"]
[Result "0-1"]
[Round "05"]
[TimeControl "180+1"]
[Date "2022.03.29"]
[WhiteClock "0:01:22"]
[BlackClock "0:01:18"]

1. e4 c6 2. d4 d5 3. e5 c5 4. dxc5 e6 5. a3 Bxc5 6. Bd3 Nd7 7. Nf3 Ne7 8. b4 Bb6 9. O-O a5 10. Bb2 Ng6 11. Re1 Qe7 12. Nc3 O-O 13. Nb5 Nf4 14. Bf1 axb4 15. axb4 Rxa1 16. Qxa1 f6 17. exf6 Nxf6 18. c4 dxc4 19. Bxc4 Qxb4 20. Nd6 Qxd6 21. Be5 Qc5 22. Qa2 N6d5 23. Nd4 Ng6 0-1


[Site "https://www.chess.com"]

[Event "Titled Tuesday Blitz March 29 Late 2022"]
[White "Jensen, Matthew R"]
[Black "Van den Dikkenberg, Erik"]
[WhiteFideId "2018110"]
[BlackFideId "1005880"]
[WhiteElo "2282"]
[BlackElo "2118"]
[Result "1-0"]
[Round "05"]
[TimeControl "180+1"]
[Date "2022.03.30"]
[WhiteClock "0:00:16"]
[BlackClock "0:00:21"]

1. d4 Nf6 2. c4 e6 3. Nc3 Bb4 4. Nf3 O-O 5. Bg5 c5 6. e3 h6 7. Bxf6 Qxf6 8. Rc1 Nc6 9. Be2 d6 10. O-O Bxc3 11. Rxc3 b6 12. dxc5 dxc5 13. Nd2 Ne5 14. Ne4 Qg6 15. Ng3 Bb7 16. f4 Rad8 17. Qc1 Nd3 18. Qc2 Nb4 19. Qxg6 fxg6 20. a3 Nc6 21. Rd3 Na5 22. Rfd1 Rxd3 23. Rxd3 Nxc4 24. Rd7 Na5 25. b4 Bc8 26. Rxa7 cxb4 27. axb4 Nc6 28. Rc7 Nxb4 29. Bc4 Nd5 30. Bxd5 exd5 31. Ne2 Ba6 32. Nd4 Bc4 33. Ne6 Rf7 34. Rc8+ Kh7 35. Nf8+ Kg8 36. Nxg6+ Kh7 37. Ne5 Ra7 38. Nxc4 dxc4 39. Rxc4 Ra2 40. Rb4 Ra3 41. Kf2 Ra2+ 42. Kf3 Ra6 43. g4 Kg6 44. h4 h5 45. f5+ Kf6 46. e4 Ra3+ 47. Kf4 Ra6 48. e5+ Kf7 49. g5 Ke7 50. g6 Kd7 51. Kg5 Ra5 52. Rxb6 Rxe5 53. Rb7+ Ke8 54. Rxg7 Kf8 55. Rf7+ Kg8 56. Ra7 Re4 57. Kf6 Re8 58. Rg7+ Kf8 59. Rh7 Kg8 60. Rxh5 Rf8+ 61. Kg5 Re8 62. Rh7 Rf8 63. Re7 Kh8 64. g7+ Kg8 65. gxf8=Q+ Kxf8 66. Ra7 Kg8 67. Kf6 Kf8 68. Ra8# 1-0


[Site "https://www.chess.com"]

[Event "Titled Tuesday Blitz March 29 Late 2022"]
[White "Kalavannan, Koby"]
[Black "Martin Duque, Jesus"]
[WhiteFideId "425753"]
[BlackFideId "2208954"]
[WhiteElo "2661"]
[BlackElo "2535"]
[Result "0-1"]
[Round "05"]
[TimeControl "180+1"]
[Date "2022.03.30"]
[WhiteClock "0:00:04"]
[BlackClock "0:00:17"]

1. d4 Nf6 2. c4 b6 3. Nc3 Bb7 4. d5 e6 5. e4 Bb4 6. e5 Ne4 7. Qd3 f5 8. Ne2 Na6 9. Be3 O-O 10. a3 Nac5 11. Qd1 Bxc3+ 12. Nxc3 Nxc3 13. bxc3 Qh4 14. Qd4 Ne4 15. g3 Qe7 16. Bg2 c5 17. d6 Qd8 18. Qd3 Nxd6 19. Bxb7 Nxb7 20. Rd1 Rf7 21. f4 Na5 22. O-O Qc8 23. Qe2 Qa6 24. Qf3 Rc8 25. Rd3 Qxc4 26. Rfd1 Qa4 27. Bc1 h6 28. h4 Kh7 29. h5 Rc7 30. Rd6 Nc4 31. Rxe6 dxe6 32. Rd8 Rcd7 33. Rc8 Qd1+ 34. Qxd1 Rxd1+ 35. Kf2 Rxc1 36. Re8 Rxc3 37. Rxe6 Rxa3 38. Rc6 Re3 39. Rc8 Re4 40. Rd8 a5 41. Kf3 a4 42. g4 Rd4 43. Ra8 fxg4+ 44. Kxg4 Rfxf4+ 45. Kg3 Rfe4 46. Re8 Re3+ 47. Kf2 Rd2+ 48. Kf1 Rc3 49. e6 Rc1# 0-1


[Site "https://www.chess.com"]

[Event "Titled Tuesday Blitz March 29 Late 2022"]
[White "Kamsky, Gata"]
[Black "Hjartarson, Johann"]
[WhiteFideId "2000024"]
[BlackFideId "2300044"]
[WhiteElo "2645"]
[BlackElo "2450"]
[Result "1-0"]
[Round "05"]
[TimeControl "180+1"]
[Date "2022.03.29"]
[WhiteClock "0:01:01"]
[BlackClock "0:00:16"]

1. d4 Nf6 2. Bf4 g6 3. c3 Bg7 4. Nf3 O-O 5. Nbd2 d6 6. e4 c5 7. dxc5 dxc5 8. h3 Nc6 9. Be2 b6 10. O-O Bb7 11. Bh2 e5 12. Re1 Nh5 13. a4 Nf4 14. Bxf4 exf4 15. Bc4 Qe7 16. Bd5 Rad8 17. Qe2 h6 18. Qb5 Qc7 19. Nc4 g5 20. a5 bxa5 21. Qxc5 Rfe8 22. Nxa5 Bf8 23. Qc4 Rc8 24. Nxb7 Qxb7 25. Qa6 Qb6 26. Qxb6 axb6 27. Ra6 Ne7 28. Rxb6 Nxd5 29. exd5 Rxe1+ 30. Nxe1 Ra8 31. Kf1 Ra5 32. c4 h5 33. Nd3 Ra4 34. b3 Ra2 35. Rb8 Kg7 36. Ke1 Be7 37. c5 Bf6 38. d6 Bc3+ 39. Kf1 g4 40. hxg4 hxg4 41. Nxf4 1-0


[Site "https://www.chess.com"]

[Event "Titled Tuesday Blitz March 29 Late 2022"]
[White "Karttunen, Mika"]
[Black "Boyer, Mahel"]
[WhiteFideId "502081"]
[BlackFideId "45102422"]
[WhiteElo "2343"]
[BlackElo "2328"]
[Result "0-1"]
[Round "05"]
[TimeControl "180+1"]
[Date "2022.03.29"]
[WhiteClock "0:00:17"]
[BlackClock "0:00:27"]

1. d4 Nf6 2. c4 c5 3. d5 e6 4. Nc3 exd5 5. cxd5 g6 6. e4 d6 7. Nge2 Bg7 8. Ng3 O-O 9. Be2 b6 10. O-O Ba6 11. Re1 Bxe2 12. Rxe2 a6 13. a4 Nbd7 14. h3 Re8 15. f4 h5 16. Nh1 b5 17. axb5 axb5 18. Rxa8 Qxa8 19. Nxb5 Rxe4 20. Nxd6 Rxe2 21. Qxe2 Qxd5 22. Ne8 Ne4 23. Nxg7 Kxg7 24. Nf2 Ng3 25. Qe1 Nf6 26. Be3 Qc4 27. Kh2 h4 28. Bd2 Nd5 29. Ng4 Nf1+ 30. Kg1 Nxd2 31. Qxd2 Nxf4 32. Kf2 Qe4 33. Qc3+ Qd4+ 34. Kf3 Qxc3+ 35. bxc3 Nd5 36. c4 Nb6 37. Ne3 f5 38. g3 hxg3 39. Kxg3 Kf6 40. h4 Ke5 41. Kf3 Kd4 42. h5 gxh5 43. Nxf5+ Kxc4 44. Ng3 h4 45. Nf5 h3 46. Kg3 Kd3 47. Nd6 Nc4 48. Nb5 Ne3 49. Kxh3 c4 50. Kg3 Nf5+ 51. Kf4 Nd4 52. Na3 c3 53. Ke5 Nb5 54. Nxb5 c2 55. Nd4 c1=Q 56. Nf5 Qc3+ 57. Kf4 Qc4+ 58. Kg5 Qc5 59. Kf4 Qa5 60. Ng3 Qc7+ 61. Kf3 Qf7+ 62. Kg4 Kd4 63. Nf5+ Ke5 64. Ng3 Qf4+ 65. Kh3 Qf3 66. Kh4 Kf6 67. Nh5+ Kg6 68. Ng3 Qf4+ 69. Kh3 Kg5 0-1


[Site "https://www.chess.com"]

[Event "Titled Tuesday Blitz March 29 Late 2022"]
[White "Kazmaier, Daniel"]
[Black "Cagara, Paulina"]
[WhiteFideId "2606089"]
[BlackFideId "1124870"]
[WhiteElo "2387"]
[BlackElo "1780"]
[Result "1-0"]
[Round "05"]
[TimeControl "180+1"]
[Date "2022.03.30"]
[WhiteClock "0:01:13"]
[BlackClock "0:01:27"]

1. d4 f5 2. Nf3 Nf6 3. Bf4 g6 4. c4 d6 5. Nc3 Bg7 6. Qd2 O-O 7. Bh6 Qe8 8. Bxg7 Kxg7 9. d5 e5 10. dxe6 Bxe6 11. e3 Nc6 12. Be2 Rd8 13. O-O Ne5 14. b3 a6 15. Rfd1 h6 16. Rac1 g5 17. Nd4 Bc8 18. Qc2 Qg6 19. Bd3 Nxd3 20. Qxd3 f4 21. Qxg6+ Kxg6 22. exf4 gxf4 23. Re1 Rfe8 24. Nd5 Nxd5 25. cxd5 Re5 26. Nf3 Rxd5 27. Rxc7 Bg4 28. Nh4+ Kh5 29. g3 Bh3 30. Ng2 Bxg2 31. Kxg2 fxg3 32. hxg3 b5 33. Re6 Re5 34. Rf6 Kg5 35. Rcf7 Re2 36. Kh3 d5 37. f4+ Kh5 38. g4# 1-0


[Site "https://www.chess.com"]

[Event "Titled Tuesday Blitz March 29 Late 2022"]
[White "Korchmar, Vasiliy"]
[Black "Bilan, Danila"]
[WhiteFideId "24131750"]
[BlackFideId "24161918"]
[WhiteElo "2725"]
[BlackElo "2551"]
[Result "1-0"]
[Round "05"]
[TimeControl "180+1"]
[Date "2022.03.30"]
[WhiteClock "0:00:04"]
[BlackClock "0:00:06"]

1. d4 d5 2. Bf4 Nf6 3. e3 c5 4. Nf3 Nc6 5. Nbd2 cxd4 6. exd4 Bg4 7. c3 e6 8. Qb3 Qc8 9. Bd3 Be7 10. O-O O-O 11. Rae1 Bh5 12. Qc2 Bg6 13. Bxg6 hxg6 14. Qd3 a6 15. Ng5 Nh5 16. Qh3 e5 17. dxe5 Qxh3 18. Nxh3 d4 19. cxd4 Nxf4 20. Nxf4 Nxd4 21. Nd5 Bc5 22. Ne4 Ba7 23. Ne7+ Kh7 24. Re3 Nf5 25. Nxf5 gxf5 26. Rh3+ Kg8 27. Nd6 g6 28. Rc1 Bd4 29. Re1 Bxb2 30. Rb3 Bd4 31. Rxb7 Rab8 32. Rc7 Rb2 33. Rf1 Bxe5 34. Nc4 Rc2 35. Rc6 Bd4 36. a4 Re8 37. Ne5 Rc1 38. Rfxc1 Rxe5 39. Rxa6 Re2 40. Rf1 Ra2 41. Ra8+ Kg7 42. a5 f6 43. a6 g5 44. g3 Kg6 45. h3 g4 46. h4 f4 47. gxf4 g3 48. Kg2 Bxf2 49. Kf3 Kf5 50. Rb1 Ra3+ 51. Kg2 Kxf4 52. Rb4+ Kf5 53. Rb5+ Kf4 54. Rb4+ Kf5 55. h5 Ra2 56. h6 Bc5+ 57. Kxg3 Bxb4 58. h7 Be1+ 59. Kf3 Rf2+ 60. Ke3 Rh2 61. h8=Q Rxh8 62. Rxh8 Ba5 63. Kd4 Bb6+ 64. Kd5 Kf4 65. Kc6 Be3 66. Re8 Bf2 67. Re2 Bg1 68. Re1 Bd4 69. Rf1+ Kg4 70. Rxf6 Bxf6 71. a7 1-0


[Site "https://www.chess.com"]

[Event "Titled Tuesday Blitz March 29 Late 2022"]
[White "Kosteniuk, Alexandra"]
[Black "Bortnyk, Olexandr"]
[WhiteFideId "4128125"]
[BlackFideId "14120828"]
[WhiteElo "2469"]
[BlackElo "2723"]
[Result "0-1"]
[Round "05"]
[TimeControl "180+1"]
[Date "2022.03.29"]
[WhiteClock "0:00:02"]
[BlackClock "0:00:01"]

1. d4 d6 2. e4 Nf6 3. Nc3 e5 4. dxe5 dxe5 5. Qxd8+ Kxd8 6. Bc4 Ke8 7. Nf3 Bd6 8. Bg5 Nbd7 9. a3 h6 10. Be3 c6 11. h3 b5 12. Be2 a5 13. Nd2 Bc5 14. Bxc5 Nxc5 15. O-O Be6 16. b4 Ncd7 17. Nb3 Bxb3 18. cxb3 axb4 19. axb4 Ke7 20. f3 Rhd8 21. Kf2 Nf8 22. Ke3 Ne6 23. Rfc1 Nh5 24. h4 Kf6 25. Rxa8 Rxa8 26. Bd1 Rd8 27. Ne2 Rd6 28. g3 g5 29. hxg5+ hxg5 30. Ra1 Kg7 31. Rc1 Kg6 32. Bc2 Kf6 33. Bd3 Kg7 34. Bc2 Kf8 35. Bd3 g4 36. fxg4 Nf6 37. Bc2 Nxg4+ 38. Kf3 Nf6 39. Ke3 Kg7 40. Bb1 Kg6 41. Kf3 Kg5 42. Rc3 Ng4 43. Rc1 Rd2 44. Rc2 Rd3+ 0-1


[Site "https://www.chess.com"]

[Event "Titled Tuesday Blitz March 29 Late 2022"]
[White "Kostiukov, Alexandr"]
[Black "Godzwon, Iwo"]
[WhiteFideId "14108100"]
[BlackFideId "21802483"]
[WhiteElo "2202"]
[BlackElo "2201"]
[Result "0-1"]
[Round "05"]
[TimeControl "180+1"]
[Date "2022.03.30"]
[WhiteClock "0:00:02"]
[BlackClock "0:01:17"]

1. g3 e5 2. c4 Nf6 3. Bg2 Nc6 4. Nc3 Bb4 5. Nd5 Bc5 6. e3 O-O 7. Ne2 a6 8. d4 Ba7 9. Nxf6+ Qxf6 10. d5 Ne7 11. O-O d6 12. b4 Bg4 13. Bb2 Bf3 14. Qd2 Ng6 15. Rac1 Rad8 16. Nc3 Nh4 17. Bh3 Qh6 18. Ne2 Ng6 19. Bg2 Bxg2 20. Kxg2 f5 21. f4 Rde8 22. fxe5 Bxe3 23. Qc2 Nxe5 24. Rce1 Bd2 25. Rd1 Ng4 26. Qxd2 Qxh2+ 27. Kf3 Re3+ 28. Qxe3 Nxe3 29. Kxe3 Re8+ 30. Kf4 Qxe2 0-1


[Site "https://www.chess.com"]

[Event "Titled Tuesday Blitz March 29 Late 2022"]
[White "Kozina, Anastasia"]
[Black "Tsukerman, Julia"]
[WhiteFideId "24174017"]
[BlackFideId "2621649"]
[WhiteElo "1993"]
[BlackElo "2124"]
[Result "0-1"]
[Round "05"]
[TimeControl "180+1"]
[Date "2022.03.30"]
[WhiteClock "0:00:21"]
[BlackClock "0:00:21"]

1. e4 c5 2. b3 Nc6 3. Bb2 d6 4. c4 e6 5. Nc3 Nf6 6. g3 Be7 7. Bg2 O-O 8. f4 a6 9. d3 Qc7 10. Nf3 b6 11. O-O Bb7 12. Kh1 Rad8 13. Qe1 Rfe8 14. Rd1 d5 15. exd5 exd5 16. Nxd5 Nxd5 17. cxd5 Rxd5 18. Ng5 Rdd8 19. Ne4 Nd4 20. Rc1 Qb8 21. Qc3 f6 22. Qc4+ Kh8 23. Qf7 Bd5 24. Qh5 Qb7 25. Rfe1 Bf8 26. h3 Qf7 27. Qh4 Nf5 28. Qg4 Nd6 29. Kh2 Ba8 30. Qh4 Nxe4 31. dxe4 Rd2 32. Bc3 Rxa2 33. Qg4 Bxe4 34. Ra1 Rxg2+ 0-1


[Site "https://www.chess.com"]

[Event "Titled Tuesday Blitz March 29 Late 2022"]
[White "Krishnan, Varun"]
[Black "Riazantsev, Alexander"]
[WhiteFideId "5054508"]
[BlackFideId "4125029"]
[WhiteElo "2587"]
[BlackElo "2595"]
[Result "1/2-1/2"]
[Round "05"]
[TimeControl "180+1"]
[Date "2022.03.29"]
[WhiteClock "0:00:05"]
[BlackClock "0:00:31"]

1. e4 e5 2. Nf3 Nc6 3. Bb5 a6 4. Ba4 Nf6 5. O-O b5 6. Bb3 Bb7 7. d3 Bc5 8. a4 O-O 9. Nc3 b4 10. Nd5 Na5 11. Nxf6+ Qxf6 12. Ba2 h6 13. c3 bxc3 14. bxc3 d6 15. Rb1 Rab8 16. Be3 Bxe3 17. fxe3 Qe7 18. Nd2 Kh7 19. Nc4 Nc6 20. Qh5 Bc8 21. Nd2 Be6 22. Bxe6 Qxe6 23. Rxb8 Nxb8 24. d4 Nd7 25. Nf3 Kg8 26. Re1 Rb8 27. Nh4 Nf6 28. Qf3 Qg4 29. Qxg4 Nxg4 30. Nf5 Rb2 31. h3 Nf6 32. Ne7+ Kf8 33. Nd5 Nxe4 34. Nxc7 Nxc3 35. Nxa6 Nxa4 36. dxe5 dxe5 37. Ra1 Nc3 38. Nc5 Ke7 39. Ra7+ Kd6 40. Nd3 Rd2 41. Nf2 Ke6 42. e4 Ne2+ 43. Kh2 Nf4 44. Ra6+ Ke7 45. Kg1 g6 46. Ra7+ Kf6 47. Ng4+ Kg7 48. Nxe5 Rxg2+ 49. Kf1 Rg5 50. Rxf7+ Kg8 51. Rxf4 Rxe5 52. Kf2 Kg7 53. Ke3 Ra5 54. Rf3 g5 55. Kf2 Kg6 56. Kg3 Re5 57. Re3 Kh5 58. Re1 Kg6 59. Re2 Kf6 60. Rf2+ Kg6 61. Re2 h5 62. Re1 Re6 63. Kf3 Kf6 64. Ke3 Ra6 65. Rf1+ Kg6 66. Rd1 Ra3+ 67. Rd3 Ra6 68. Rc3 Rf6 69. Rd3 g4 70. hxg4 hxg4 71. Ke2 Kg5 72. Rd5+ Kh4 73. Rf5 Re6 74. Ke3 g3 75. Rf8 Ra6 76. Kf3 Ra3+ 77. Kg2 Ra2+ 78. Kg1 Kg4 79. Rg8+ Kf3 80. Rf8+ Kxe4 81. Re8+ Kf3 82. Rf8+ Kg4 83. Rg8+ Kf3 84. Rf8+ Kg4 85. Rg8+ Kf3 86. Rf8+ 1/2-1/2


[Site "https://www.chess.com"]

[Event "Titled Tuesday Blitz March 29 Late 2022"]
[White "Krstulovic, Alex"]
[Black "Przybylski, Wojciech"]
[WhiteFideId "760056"]
[BlackFideId "1117599"]
[WhiteElo "2193"]
[BlackElo "2133"]
[Result "0-1"]
[Round "05"]
[TimeControl "180+1"]
[Date "2022.03.30"]
[WhiteClock "0:00:17"]
[BlackClock "0:00:09"]

1. e4 e5 2. Nf3 Nf6 3. d4 Nxe4 4. dxe5 d5 5. Bd3 Nc5 6. O-O Be7 7. h3 O-O 8. Bf4 Nxd3 9. cxd3 c5 10. Nc3 Nc6 11. d4 c4 12. b3 cxb3 13. Qxb3 Be6 14. Qxb7 Nb4 15. Bg3 Rc8 16. Ne2 Bd7 17. Rac1 Rb8 18. Qxa7 Bb5 19. Rce1 Nc6 20. Qxb8 Nxb8 21. Kh2 Nc6 22. Rh1 Nb4 23. Nc3 Bc4 24. a3 Nc2 25. Rb1 Nxa3 26. Rb7 Re8 27. Ra1 h6 28. e6 fxe6 29. Ne5 Qc8 30. Rxe7 Rxe7 31. Rxa3 Kh7 32. Nd1 Rb7 33. Ne3 Bb5 34. N3g4 Be8 35. Rf3 Bh5 36. Rf4 Bxg4 37. hxg4 Qe8 38. g5 Qh5+ 39. Rh4 Qxg5 40. Rg4 Qh5+ 41. Rh4 Qf5 42. Bf4 g5 43. Bxg5 Qxg5 44. Rg4 Qh5+ 45. Kg3 Rg7 46. f3 Qf5 47. Kh4 Rxg4+ 48. Nxg4 Kg7 49. g3 Qd3 50. f4 Qxd4 51. f5 exf5 0-1


[Site "https://www.chess.com"]

[Event "Titled Tuesday Blitz March 29 Late 2022"]
[White "Lehtosaari, Mauri"]
[Black "Jary, Sergey"]
[WhiteFideId "501999"]
[BlackFideId "14110350"]
[WhiteElo "2515"]
[BlackElo "2260"]
[Result "0-1"]
[Round "05"]
[TimeControl "180+1"]
[Date "2022.03.29"]
[WhiteClock "0:00:19"]
[BlackClock "0:00:39"]

1. d4 d6 2. Nf3 g6 3. Bg5 Bg7 4. c3 Nf6 5. Nbd2 Nc6 6. e3 O-O 7. Bc4 Bd7 8. O-O h6 9. Bxf6 Bxf6 10. a4 a6 11. Qc2 Kh7 12. Rfe1 e5 13. Nf1 Bg7 14. Ng3 f5 15. dxe5 dxe5 16. Rad1 Qe8 17. b4 Bf6 18. Qb3 Nd8 19. Rd2 b5 20. axb5 axb5 21. Bf1 Be6 22. Qb1 Qf7 23. Bxb5 c6 24. Bf1 Qe7 25. Red1 Nf7 26. c4 h5 27. b5 h4 28. Ne2 Rfb8 29. Nc1 cxb5 30. cxb5 h3 31. Ne2 Rb6 32. Nc3 hxg2 33. Bxg2 Rc8 34. Nd5 Bxd5 35. Rxd5 e4 36. Nd2 Ne5 37. Nf1 Bg7 38. Ng3 Rb7 39. Qb3 Rc3 40. Qa4 Ra7 41. Qd4 Nf3+ 42. Bxf3 Bxd4 43. R5xd4 exf3 44. e4 f4 0-1


[Site "https://www.chess.com"]

[Event "Titled Tuesday Blitz March 29 Late 2022"]
[White "Lewicki, Miroslaw"]
[Black "Terletsky, Oleg"]
[WhiteFideId "1113380"]
[BlackFideId "14116774"]
[WhiteElo "2283"]
[BlackElo "2064"]
[Result "1-0"]
[Round "05"]
[TimeControl "180+1"]
[Date "2022.03.30"]
[WhiteClock "0:00:41"]
[BlackClock "0:00:01"]

1. g3 Nf6 2. Bg2 g6 3. Nf3 Bg7 4. O-O O-O 5. c4 d6 6. d4 Nbd7 7. Nc3 e5 8. e4 exd4 9. Nxd4 Re8 10. Re1 Nc5 11. h3 Bd7 12. b3 Qc8 13. Kh2 Re5 14. Bb2 Rh5 15. h4 Ng4+ 16. Kg1 Ne5 17. Bf1 Bg4 18. f3 Bh3 19. Nd5 Kh8 20. f4 Bxf1 21. fxe5 Qh3 22. Qf3 Nd3 23. Rxf1 Nxb2 24. Nf4 Qd7 25. Nxh5 Bxe5 26. Nf5 gxf5 27. Qxf5 Qxf5 28. Rxf5 Rg8 29. Rf3 Nxc4 30. Rc1 Nd2 31. Rxf7 c5 32. Re1 b5 33. Kg2 c4 34. Rxa7 c3 35. Rc7 b4 36. Re2 Bd4 37. e5 dxe5 38. Nf6 Rxg3+ 39. Kxg3 1-0


[Site "https://www.chess.com"]

[Event "Titled Tuesday Blitz March 29 Late 2022"]
[White "Manelyuk, Daniil"]
[Black "Needleman, Alejandro"]
[WhiteFideId "44173920"]
[BlackFideId "100730"]
[WhiteElo "2222"]
[BlackElo "2235"]
[Result "0-1"]
[Round "05"]
[TimeControl "180+1"]
[Date "2022.03.30"]
[WhiteClock "0:00:02"]
[BlackClock "0:01:47"]

1. e4 c5 2. Nf3 e6 3. d4 cxd4 4. Nxd4 Nc6 5. Nc3 Qc7 6. Be3 a6 7. Qd2 Nf6 8. O-O-O Nxd4 9. Bxd4 e5 10. Be3 Bb4 11. f3 d6 12. Kb1 Be6 13. g4 Bxc3 14. Qxc3 Qxc3 15. bxc3 Ke7 16. Kb2 Rhc8 17. Bg2 Rc6 18. Rd3 Rac8 19. Rhd1 Nd7 20. a4 Nb6 21. Bxb6 Rxb6+ 22. Ka3 Rc4 23. Bf1 Bd7 24. Rd4 Rxc3+ 25. Ka2 exd4 26. Rxd4 Rxc2+ 27. Ka3 Rc1 28. Bd3 Ra1# 0-1


[Site "https://www.chess.com"]

[Event "Titled Tuesday Blitz March 29 Late 2022"]
[White "Mangialardo, Tiago Carvalho"]
[Black "Bernat, David"]
[WhiteFideId "2130718"]
[BlackFideId "2099225"]
[WhiteElo "2061"]
[BlackElo "2306"]
[Result "0-1"]
[Round "05"]
[TimeControl "180+1"]
[Date "2022.03.30"]
[WhiteClock "0:01:38"]
[BlackClock "0:01:45"]

1. e4 c5 2. Nf3 g6 3. d4 cxd4 4. Nxd4 Nc6 5. Nc3 Bg7 6. Be3 Nf6 7. Be2 O-O 8. O-O d5 9. exd5 Nxd5 10. Nxc6 bxc6 11. Bd4 Nxc3 12. Bxc3 Bxc3 13. bxc3 Qa5 14. Qd4 Be6 15. Qb4 Qc7 16. Bc4 a5 17. Qb3 a4 18. Qb4 c5 19. Qb5 Rfb8 0-1


[Site "https://www.chess.com"]

[Event "Titled Tuesday Blitz March 29 Late 2022"]
[White "Manolache, Marius"]
[Black "Ljukin, Sergei"]
[WhiteFideId "1201530"]
[BlackFideId "14102200"]
[WhiteElo "2701"]
[BlackElo "2547"]
[Result "1-0"]
[Round "05"]
[TimeControl "180+1"]
[Date "2022.03.30"]
[WhiteClock "0:01:09"]
[BlackClock "0:00:02"]

1. d4 d5 2. c4 c6 3. Nc3 Nf6 4. Nf3 dxc4 5. e4 b5 6. e5 Nd5 7. a4 h6 8. Be2 Be6 9. Ne4 Nd7 10. O-O Bf5 11. Ng3 Bg6 12. e6 fxe6 13. Nh4 Bf7 14. Bh5 N7f6 15. Bg6 Bxg6 16. Nxg6 Rg8 17. Re1 Qd7 18. Ne5 Qc7 19. b3 c3 20. Nd3 b4 21. Rxe6 O-O-O 22. a5 Rd6 23. Nc5 Rxe6 24. Nxe6 Qd7 25. Qe2 g6 26. Nc5 Qc7 27. Qe6+ Kd8 28. a6 Ke8 29. Be3 Bg7 30. Re1 Qd6 31. Qc8+ Kf7 32. Qb7 Qb8 33. Qxc6 Rc8 34. Qe6+ Ke8 35. Nge4 Nxe4 36. Qxg6+ Kf8 37. Ne6+ 1-0


[Site "https://www.chess.com"]

[Event "Titled Tuesday Blitz March 29 Late 2022"]
[White "Martinez Alcantara, Jose Eduardo"]
[Black "Babazada, Khazar"]
[WhiteFideId "3805662"]
[BlackFideId "13413554"]
[WhiteElo "2690"]
[BlackElo "2418"]
[Result "1-0"]
[Round "05"]
[TimeControl "180+1"]
[Date "2022.03.29"]
[WhiteClock "0:00:05"]
[BlackClock "0:00:03"]

1. e4 g6 2. d4 Bg7 3. c3 d6 4. Bd3 Nf6 5. Nf3 O-O 6. O-O Nbd7 7. h3 e5 8. Re1 b6 9. Nbd2 Bb7 10. Nf1 Re8 11. Ng3 a6 12. a4 Nf8 13. Qc2 Ne6 14. Be3 Nd7 15. Rad1 Rc8 16. Qe2 a5 17. Bc4 Qe7 18. Qd2 exd4 19. cxd4 Nf6 20. Bb5 c6 21. Bd3 d5 22. e5 Nd7 23. Ng5 c5 24. Nxe6 fxe6 25. f4 Rf8 26. Ne2 Rf7 27. Rc1 Rcf8 28. Rf1 Kh8 29. Bc2 Ba6 30. Rf2 g5 31. fxg5 Rxf2 32. Bxf2 cxd4 33. Nxd4 Nxe5 34. Re1 Qf7 35. b3 Bc8 36. Qe3 Ng6 37. Nf3 Re8 38. Bxg6 Qxg6 39. Bg3 d4 40. Nxd4 e5 41. Nb5 e4 42. Kh2 Bd7 43. Rf1 Bxb5 44. axb5 Qe6 45. Rc1 Be5 46. Rc6 Bxg3+ 47. Qxg3 Qd5 48. g6 hxg6 49. Rxg6 Qh5 50. Rg4 1-0


[Site "https://www.chess.com"]

[Event "Titled Tuesday Blitz March 29 Late 2022"]
[White "Melaugh, Shane"]
[Black "Vine, Elzbieta"]
[WhiteFideId "2509580"]
[BlackFideId "1119320"]
[WhiteElo "2014"]
[BlackElo "1835"]
[Result "1-0"]
[Round "05"]
[TimeControl "180+1"]
[Date "2022.03.30"]
[WhiteClock "0:01:18"]
[BlackClock "0:00:46"]

1. d4 d5 2. c4 c6 3. cxd5 cxd5 4. Nc3 Nf6 5. Nf3 Nc6 6. Bf4 Bf5 7. Qb3 b6 8. e3 a6 9. Rc1 Rc8 10. Bxa6 e6 11. Bxc8 Qxc8 12. Qb5 Nd7 13. Na4 Bb4+ 14. Nd2 Bxd2+ 15. Kxd2 Ndb8 16. Bxb8 Qxb8 17. Qxc6+ Ke7 18. Qc7+ 1-0


[Site "https://www.chess.com"]